 Dungeon Crawl Stone Soup version 0.14-a0-2019-gd9bc7f0 (webtiles) character file.

485 Paddoo the Grave Robber (level 6, -7/35 HPs)
             Began as a Deep Elf Necromancer on Jan 19, 2014.
             Was an Initiate of Sif Muna.
             Shot with an arrow of frost by a centaur (16 damage)
             ... on Level 5 of the Dungeon.
             The game lasted 00:34:08 (5509 turns).

Paddoo the Grave Robber (Deep Elf Necromancer)      Turns: 5509, Time: 00:34:08

HP  -7/35        AC  5     Str  5      XL: 6   Next: 25%
MP  21/21        EV 13     Int 25      God: Sif Muna [......]
Gold 156         SH  0     Dex 15      Spells:  3 memorised,  8 levels left

rFire  . . .     SeeInvis .     t - +2,+1 short sword (venom)
rCold  . . .     Clarity  .     a - +1 elf robe
rNeg   . . .     Conserve .     (no shield)
rPois  .         rCorr    +     u - +0 helmet (curse)
rElec  .         rRot     .     (no cloak)
SustAb . .       Spirit   .     (no gloves)
rMut   .         Warding  .     j - +0 pair of boots
Saprov . . .     Stasis   .     n - amulet of resist corrosion
MR     +....                    (no ring)
                                A - cursed ring of the Mage {Wiz MR+ Int+3}

@: somewhat resistant to hostile enchantments, fairly stealthy
A: no striking features
a: Renounce Religion


You were on level 5 of the Dungeon.
You worshipped Sif Muna.
Sif Muna was noncommittal.
You were not hungry.

You visited 2 branches of the dungeon, and saw 6 of its levels.
You also visited: Sewer.

You collected 156 gold pieces.

Inventory:

Hand weapons
 t - a +2,+1 short sword of venom (weapon)
Missiles
 g - 3 darts of frost
 r - 17 darts (quivered)
Armour
 a - a +1 elven robe (worn)
 j - a +0 pair of boots (worn)
 u - a cursed +0 helmet (worn)
 w - a +0 robe
Comestibles
 c - 3 bread rations
 x - a choko
 B - a beef jerky
Scrolls
 d - 3 scrolls of teleportation
 e - 2 scrolls of amnesia
 h - 5 scrolls of identify
 i - a scroll of enchant armour
 s - a scroll of magic mapping
 v - a scroll of remove curse
 y - a scroll of enchant weapon I {unknown}
Jewellery
 n - an amulet of resist corrosion (around neck)
 A - the cursed ring of the Mage (left hand) {Wiz MR+ Int+3}
   (You found it on level 4 of the Dungeon)

   [ring of wizardry]

   It affects your intelligence (+3).
   It affects your resistance to hostile enchantments.
   It has a curse placed upon it.
Potions
 f - 2 potions of flight {unknown}
 k - a potion of agility {unknown}
 l - a potion of restore abilities {unknown}
 m - a potion of invisibility {unknown}
 o - 3 potions of heal wounds {unknown}
 p - 3 potions of curing {unknown}
 q - a potion of cure mutation {unknown}
 z - a potion of might {unknown}
Books
 b - a book of Necromancy

   Spells                             Type                      Level
   *Pain                              Necromancy                   1
   Animate Skeleton                   Necromancy                   1
   Lethal Infusion                    Charms/Necromancy            2
   *Vampiric Draining                 Necromancy                   3
   Regeneration                       Charms/Necromancy            3
   Animate Dead                       Necromancy                   4
   *Control Undead                    Necromancy                   4


   Skills:
 * Level 1.9 Fighting
 + Level 2.6 Dodging
 - Level 2.4 Stealth
 + Level 5.6 Spellcasting
 + Level 7.1 Necromancy


You had 8 spell levels left.
You knew the following spells:

 Your Spells              Type           Power        Failure   Level  Hunger
a - Pain                  Necr           ####         1%          1    None
b - Vampiric Draining     Necr           #####.....   1%          3    #......
c - Control Undead        Necr           #####.....   1%          4    ###....


Dungeon Overview and Level Annotations

Branches:
Dungeon (5/16)             Temple (1/1) D:4

Altars:
Dithmengos
Makhleb
Nemelex Xobeh
Okawaru
Sif Muna
Trog
Yredelemnul
Zin

Shops:
D:4 [

Annotations:
D:2 Jessica
D:3 KINGBONG's ghost, weakling DsBe


Message History

You climb downwards.
There is a stone staircase leading up here.
Magic restored.
Found 30 darts.
A centaur comes into view.
The centaur shouts!
The centaur wields a bow.
The centaur shoots an arrow of frost.
The arrow of frost hits you!
One of your 4 lumpy red potions freezes and shatters!
Found 16 gold pieces.
A giant cockroach comes into view.
You see here an arrow of frost.
The centaur shoots an arrow of frost.
The arrow of frost hits you!
The centaur shoots an arrow of frost.
The arrow of frost misses you.
You see here 2 arrows of frost.
The centaur shoots an arrow of frost.
The arrow of frost hits you!
* * * LOW HITPOINT WARNING * * *
You see here an arrow of frost.
The centaur shoots an arrow of frost.
The arrow of frost hits you!
You die...

#c# #(# #.#
######(##
#.......#
#.......#
#.......#
#......(#
#..(...@#
#.......#
#.......#
#.......#######
######.##.....#
#......##.###.#
#.........#<..#
#......########
.................


You could see a centaur.

Vanquished Creatures
  A hound (D:4)
  An orc wizard (D:3)
  7 adders
  A green rat (Sewer)
  A worm (D:4)
  20 grey rats (Sewer)
  3 oozes
  4 giant geckos
  5 orcs (D:3)
  5 giant cockroaches
  10 goblins
  11 hobgoblins
  29 kobolds
  3 quokkas (D:3)
  4 ball pythons (Sewer)
  5 bats
  5 giant newts
  13 rats
128 creatures vanquished.

Vanquished Creatures (collateral kills)
  A jackal skeleton (D:4)
1 creature vanquished.

Vanquished Creatures (others)
  A kobold (D:3)
1 creature vanquished.

Grand Total: 130 creatures vanquished

Notes
Turn   | Place    | Note
--------------------------------------------------------------
     0 | D:1      | Paddoo, the Deep Elf Necromancer, began the quest for the Orb.
     0 | D:1      | Reached XP level 1. HP: 10/10 MP: 5/5
    56 | D:1      | Reached skill level 5 in Necromancy
   437 | D:1      | Reached XP level 2. HP: 13/15 MP: 6/8
  1424 | D:2      | Noticed Jessica
  1508 | D:2      | Reached XP level 3. HP: 7/20 MP: 4/11
  1764 | D:2      | Reached skill level 1 in Fighting
  3003 | D:3      | Learned a level 3 spell: Vampiric Draining
  3057 | D:3      | Reached skill level 6 in Necromancy
  3089 | D:3      | Reached XP level 4. HP: 13/25 MP: 6/14
  3295 | D:3      | Noticed KINGBONG's ghost (weakling DsBe)
  3771 | D:3      | Reached XP level 5. HP: 22/29 MP: 7/18
  4009 | D:4      | Noticed a phantom
  4023 | D:4      | Noticed a phantom
  4066 | D:4      | Found a staircase to the Ecumenical Temple.
  4086 | Temple   | Entered the Ecumenical Temple
  4211 | Temple   | Became a worshipper of Sif Muna the Loreminder
  4273 | D:4      | Found Freefad's Antique Armour Shoppe.
  4391 | D:4      | Learned a level 4 spell: Control Undead
  4464 | D:4      | Reached skill level 5 in Spellcasting
  4563 | D:4      | Found a glowing drain.
  4589 | Sewer    | Entered a sewer
  4952 | Sewer    | Reached XP level 6. HP: 26/35 MP: 5/21
  5080 | Sewer    | Reached skill level 7 in Necromancy
  5455 | D:4      | Found a shadowy altar of Dithmengos.
  5455 | D:4      | Found a burning altar of Makhleb.
  5479 | D:5      | Entered Level 5 of the Dungeon
  5509 | D:5      | Shot with an arrow of frost by a centaur

Action                   |  1- 3 |  4- 6 || total
-------------------------+-------+-------++-------
Melee: Unarmed           |     2 |       ||     2
 Cast: Pain              |    76 |   133 ||   209
       Vampiric Draining |     2 |    21 ||    23
       Control Undead    |       |     2 ||     2
  Use: Scroll            |     2 |    12 ||    14
